 Dungeon Crawl Stone Soup version 0.31-a0-430-gf8416d752b (webtiles) character file.

Game seed: 16771102460100586433

3704 Ethylacetat the Mimic (level 10, 0/71 HPs)
             Began as an Octopode Shapeshifter on July 31, 2023.
             Was an Initiate of Gozag.
             Slain by an orc wizard
             ... wielding a +0 dagger
              (2 damage)
             ... on level 8 of the Dungeon.
             The game lasted 00:14:28 (7765 turns).

Ethylacetat the Mimic (Octopode Shapeshifter)       Turns: 7765, Time: 00:14:28

Health: 0/71       AC:  1    Str: 14    XL:     10   Next: 14%
Magic:  10/10      EV: 14    Int: 16    God:    Gozag
Gold:   377        SH:  5    Dex: 16    Spells: 9/9 levels left

rFire   . . .        u - +6 dagger of the Delicate God {heavy, Int+2 Stlth+}
rCold   . . .        j - orb {light}
rNeg    . . .        (helmet currently unavailable)
rPois   .            m - amulet of reflection
rElec   .            (no ring)
rCorr   .            (no ring)
SInv    .            (no ring)
Will    .....        (no ring)
Stlth   ++           (no ring)
HPRegen 0.31/turn    (no ring)
MPRegen 0.12/turn    (no ring)
                     (no ring)

%: reflection
@: mighty, beast-form, gold aura, attractive, hasted, glowing, very quick
A: beast (slay +5), almost no armour, amphibious, 8 rings, camouflage 1,
gelatinous body 1, (nimble swimmer 1), tentacles, clever 1
a: Begin Untransformation, Renounce Religion, Potion Petition, Call Merchant,
Bribe Branch


You were on level 8 of the Dungeon.
You worshipped Gozag.
Gozag was aware of your devotion.
You were a hulking beast.
You visited 2 branches of the dungeon, and saw 9 of its levels.

You collected 468 gold pieces.
You paid 91 gold pieces to Gozag.

Inventory:

Hand Weapons
 u - the +6 dagger of the Delicate God (weapon) {heavy, Int+2 Stlth+}
   (You found it on level 6 of the Dungeon)

   Int:       It affects your intelligence (+2).
   Stlth:     It makes you more stealthy.
Armour
 j - an orb of light (worn)
Jewellery
 m - an amulet of reflection (around mantle)
Talismans
 b - a beast talisman (active)
Scrolls
 c - 4 scrolls of amnesia {unknown}
 d - 9 scrolls of identify {unknown}
 h - 3 scrolls of enchant weapon {unknown}
 i - a scroll of immolation {unknown}
 l - 2 scrolls of revelation {unknown}
 o - 3 scrolls of teleportation {unknown}
 p - a scroll of poison {unknown}
 t - 2 scrolls of fog {unknown}
 v - a scroll of brand weapon {unknown}
 w - a scroll of vulnerability {unknown}


   Skills:
 + Level 7.1 Fighting
 - Level 4.0 Dodging
 + Level 7.8 Unarmed Combat
 * Level 8.5 Shapeshifting


You had 9 spell levels left.
You didn't know any spells.
Your spell library contained the following spells:

 Spells                   Type           Power      Damage    Failure   Level
 Kiss of Death            Conj/Necr      0%         2d5       26%         1
 Slow                     Hex            0%         N/A       26%         1
 Sublimation of Blood     Necr           0%         N/A       36%         2
 Wereblood                Tmut           0%         N/A       36%         2
 Confusing Touch          Hex            0%         N/A       58%         3
 Inner Flame              Hex/Fire       0%         N/A       58%         3
 Vampiric Draining        Necr           0%         2d6       58%         3
 Dispel Undead            Necr           0%         3d6       94%         4
 Flame Wave               Conj/Fire      0%         2d4       94%         4
 Sticky Flame             Conj/Fire      0%         2d3       94%         4
 Summon Hydra             Summ           0%         N/A       100%        7


Dungeon Overview and Level Annotations

Branches:
Dungeon (8/15)             Temple (1/1) D:6
   Lair: D:8-11

Altars:
Ashenzari
Dithmenos
Elyvilon
Fedhas
Gozag
Hepliaklqana
Kikubaaqudgha
Makhleb
Nemelex Xobeh
Okawaru
Qazlal
Ru
Sif Muna
Trog
Uskayaw
Vehumet
Wu Jian
Xom
Yredelemnul
Zin
The Shining One
Lugonu

Shops:
D:2 (   D:6 [

Portals:
Abyss: D:7

Annotations:
D:7 1 runed translucent door, Crazy Yiuf


Innate Abilities, Weirdness & Mutations

You are a hulking beast.
Your limbs bulge with bestial killing power. (Slay +5)
You cannot wear most types of armour.
You are amphibious.
You can wear up to eight rings at the same time.
Your skin changes colour to match your surroundings (Stealth+).
Your rubbery body absorbs attacks. (AC +1, EV +1)
((You are camouflaged when in or above water. (Stealth+)))
You have tentacles for arms and can constrict up to eight enemies at once.
Your mind is acute. (Int +4, Str/Dex -1)


Message History

You kill the wolf!
The centaur wields a +0 orcbow.
The centaur shoots an arrow.
The arrow hits you!
* * * LOW HITPOINT WARNING * * *
The centaur is distracted by your dazzling golden aura.
The centaur is attracted toward you.
The orc warrior is attracted toward you.
The orc is attracted toward you. The orc priest is attracted toward you.
The centaur shouts!
You puncture the centaur!
The centaur is no longer distracted by gold.
You squeeze the centaur.
You kill the centaur!
The orc is distracted by your dazzling golden aura.
The orc is attracted toward you. The orc priest is attracted toward you.
You barely miss the orc warrior.
The orc shouts!
Your grab misses the orc warrior.
The orc wizard mumbles some strange words.
The orc wizard flickers and vanishes for a moment.
The orc warrior misses you.
You puncture the orc warrior! You grab the orc warrior.
The orc warrior is moderately wounded.
You constrict the orc warrior.
The orc is no longer distracted by gold.
The orc priest is distracted by your dazzling golden aura.
The orc warrior closely misses you.
You puncture the orc warrior!
The orc warrior is severely wounded.
You constrict the orc warrior.
The orc warrior hits you with a +0 mace.
* * * LOW HITPOINT WARNING * * *
You hit the orc warrior.
You kill the orc warrior!
You puncture the orc wizard! Your grab misses the orc wizard.
Your squeeze misses the orc wizard.
The orc wizard is heavily wounded.
The orc wizard hits you with a +0 dagger.
You die...
Your body crumbles into a pile of gold.

)###.................#
)....................#
.######..............#.
.##....................
....####.............
.#### #########..#
.###### #####....#
......####...(.#.##
.####...#..#####h#
.######...## #o#
...####..## #o#
..........# #(o
...######..# ##. ...#
#.# .# #### .. .# ##(
.# ##


You could see an orc priest, an orc wizard (invisible) and an orc.

Vanquished Creatures
  Joseph (D:7)
  Grinder (D:6)
  The ghost of Jaike the Caller, an amateur DESu (D:5)
  Eustachio (D:5)
  Grum (D:8)
  Edmund (D:5)
  2 water moccasins
  Duvessa (D:4)
  A sky beast (D:8)
  An orc warrior (D:8)
  4 wolves (D:8)
  2 ogres (D:6)
  2 centaurs (D:8)
  Blork the orc (D:4)
  A bullfrog (D:7)
  4 scorpions
  5 wights
  Dowan (D:4)
  A centaur zombie (D:6)
  2 bullfrog zombies
  2 orc priests
  2 jellies
  A gnoll bouda (D:5)
  2 hounds
  2 iguanas
  Terence (D:2)
  Natasha (thrice) (D:2)
  2 orc wizards (D:8)
  2 killer bee zombies (D:5)
  Robin (D:2)
  6 gnolls
  10 adders
  A shadow imp (D:7)
  A white imp (D:7)
  An ufetubus (D:6)
  A worm (D:3)
  9 orcs
  13 ball pythons
  4 endoplasms
  7 giant cockroaches
  10 goblins
  15 hobgoblins
  3 jackals (D:1)
  3 kobolds
  4 quokkas
  6 bats
  3 frilled lizards
  7 rats
156 creatures vanquished.

Vanquished Creatures (others)
  A lurking horror (D:7)
1 creature vanquished.

Grand Total: 157 creatures vanquished

Notes
Turn   | Place    | Note
-------+----------+-------------------------------------------
     0 | D:1      | Ethylacetat the Octopode Shapeshifter began the quest for
                  | the Orb.
     0 | D:1      | Reached XP level 1. HP: 13/13 MP: 1/1
    64 | D:1      | Reached XP level 2. HP: 4/18 MP: 2/2
   417 | D:1      | Reached XP level 3. HP: 22/23 MP: 3/3
   854 | D:2      | Found Kica Vui's Weapon Emporium.
   935 | D:2      | Noticed Robin
   942 | D:2      | Killed Robin
   943 | D:2      | Reached XP level 4. HP: 23/29 MP: 4/4
  1028 | D:2      | Noticed Terence
  1031 | D:2      | Killed Terence
  1033 | D:2      | Reached XP level 5. HP: 35/35 MP: 5/5
  1499 | D:2      | Noticed Natasha
  1503 | D:2      | Killed Natasha
  1748 | D:2      | Noticed Natasha
  1756 | D:2      | Killed Natasha
  2111 | D:2      | Noticed Natasha
  2117 | D:2      | Killed Natasha
  2118 | D:2      | Reached XP level 6. HP: 41/41 MP: 6/6
  2959 | D:4      | Found an ornate altar of the Wu Jian Council.
  2966 | D:4      | Noticed Blork the orc
  2974 | D:4      | Reached skill level 4 in Shapeshifting
  2980 | D:4      | Killed Blork the orc
  3184 | D:4      | Noticed Duvessa
  3185 | D:4      | Noticed Dowan
  3192 | D:4      | Killed Duvessa
  3193 | D:4      | Reached XP level 7. HP: 34/46 MP: 7/7
  3196 | D:4      | Killed Dowan
  3798 | D:5      | Entered Level 5 of the Dungeon
  3808 | D:5      | Noticed Eustachio
  3812 | D:5      | Noticed Edmund
  3818 | D:5      | Killed Eustachio
  3819 | D:5      | Reached skill level 5 in Unarmed Combat
  3824 | D:5      | Killed Edmund
  3825 | D:5      | Reached skill level 5 in Shapeshifting
  4020 | D:5      | Noticed Jaike's ghost (amateur DESu)
  4021 | D:5      | Found a transporter.
  4098 | D:5      | Reached XP level 8. HP: 49/54 MP: 8/8
  4495 | D:5      | Found a transporter.
  4957 | D:5      | Reached skill level 5 in Fighting
  4964 | D:5      | Killed Jaike's ghost
  4965 | D:5      | Reached skill level 6 in Shapeshifting
  5135 | D:6      | Found an ancient bone altar of Kikubaaqudgha.
  5259 | D:6      | Found a staircase to the Ecumenical Temple.
  5454 | D:6      | Identified the +6 dagger of the Delicate God {heavy, Int+2
                  | Stlth+}
  5623 | D:6      | Found a sacrificial altar of Ru.
  5807 | D:6      | Noticed Grinder
  5808 | D:6      | Paralysed by Grinder for 5 turns
  5823 | D:6      | Killed Grinder
  5824 | D:6      | Reached XP level 9. HP: 56/62 MP: 9/9
  6142 | D:6      | Found a basalt altar of Yredelemnul.
  6193 | D:6      | Found Iklefefa's Antique Armour Emporium.
  6430 | Temple   | Entered the Ecumenical Temple
  6435 | Temple   | Became a worshipper of Gozag Ym Sagoz the Greedy
  6512 | D:7      | Reached skill level 7 in Shapeshifting
  6699 | D:7      | Found a corrupted altar of Lugonu.
  6703 | D:7      | Found a one-way gate to the infinite horrors of the Abyss.
  7010 | D:7      | Found a runed translucent door.
  7011 | D:7      | Noticed Crazy Yiuf
  7141 | D:7      | Noticed Joseph
  7152 | D:7      | Killed Joseph
  7330 | D:7      | Noticed a two-headed ogre
  7338 | D:7      | HP: 3/63 [gnoll sergeant/+2 trident of freezing (4)]
  7338 | D:7      | HP: 1/63 [gnoll sergeant/+2 trident of freezing (2)]
  7719 | D:8      | Noticed Grum
  7730 | D:8      | Reached skill level 8 in Shapeshifting
  7743 | D:8      | Killed Grum
  7744 | D:8      | Reached XP level 10. HP: 33/69 MP: 10/10
  7753 | D:8      | Gained mutation: Your mind is acute. (Int +4, Str/Dex -1)
                  | [potion of mutation]
  7763 | D:8      | HP: 1/71 [orc warrior/+0 mace (4)]
  7765 | D:8      | Slain by an orc wizard

Illustrated notes

Levels and vault maps discovered:
D:1:      minmay_arrival_jagged, layout_rooms, nicolae_titane
D:2:      minmay_skewed_foursquare, layout_loops_corners, serial_shops,
          nicolae_shop_tiny_waterfront, uniq_terence, uniq_robin, uniq_natasha
D:3:      layout_basic, patterned_corridor
D:4:      layout_cave_pods, nicolae_wu_jian_wuxing_cycle, uniq_blork_the_orc,
          uniq_duvessa
D:5:      minmay_evil_eye, layout_gridville, gammafunk_ghost_mausoleum,
          nicolae_the_louvre, uniq_eustachio, uniq_edmund
D:6:      wander_river, layout_basic, nicolae_overflow_hidden_temple,
          lemuel_zombie_altar_yredelemnul, mainiacjoe_overflow_boulevard,
          minmay_temple_entry_mist, serial_shops, shop, serial_corexii_hall,
          corexii_hall_statues_i, corexii_hall_statues_x,
          chequers_hall_statues_y, corexii_hall_statues_t, uniq_grinder
D:7:      layout_rooms, amcnicky_altar_lugonu_corruption, uniq_joseph,
          uniq_crazy_yiuf_cottage
D:8:      layout_rooms, serial_curves, eino_curves_01, eino_curves_01,
          eino_curves_02, eino_curves_02, uniq_grum
Temple:   sentei_temple_godly_chess

Skill      XL: |  1  2  3  4  5  6  7  8  9 10 |
---------------+-------------------------------+-----
Fighting       | 2 3 4 5 6 7 |  7.1
Dodging        | 3 4 |  4.0
Unarmed Combat | 4 5 6 7 |  7.8
Shapeshifting  | 4 5 6 8 |  8.5

Action                     |  1- 3 |  4- 6 |  7- 9 | 10-12 || total
---------------------------+-------+-------+-------+-------++-------
  Melee: Unarmed           |    60 |    88 |    96 |       ||   244
         Constrict         |    21 |    25 |    35 |     1 ||    82
         Tentacles         |    16 |    27 |    38 |     2 ||    83
         Punch             |     2 |     3 |    11 |       ||    16
         Dagger            |       |       |    69 |    17 ||    86
  Throw: Dart              |       |       |     3 |       ||     3
         Throwing net      |       |       |     1 |       ||     1
    Use: Potion            |       |       |     7 |     5 ||    12
   Stab: Sleeping          |     4 |       |     2 |       ||     6
         Distracted        |       |       |     1 |       ||     1
 Armour: Skin              |     4 |     6 |    35 |    14 ||    59
  Dodge: Dodged            |    33 |    36 |    89 |     4 ||   162
  Block: Orb               |       |    12 |    45 |       ||    57

Table legend: (Time is in decaauts)
 A = Elapsed time spent in this place.
 B = Non-inter-level travel time spent in this place.
 C = Inter-level travel time spent in this place.
 D = Time resting spent in this place.
 E = Time spent auto-exploring this place.
 F = Levels seen in this place.
 G = Mean time per level.
                   A        B        C        D        E       F      G
               +--------+--------+--------+--------+--------+-----+--------+
         Total |   7780 |   7217 |    563 |    103 |   6202 |   9 |  864.4 |
       Dungeon |   7769 |   7210 |    559 |    103 |   6202 |   8 |  971.1 |
        Temple |     10 |      6 |      4 |      0 |      0 |   1 |   10.0 |
               +--------+--------+--------+--------+--------+-----+--------+

Top non-repeatable levels by time:
     D:2: 1372 daAuts
     D:6: 1349 daAuts
     D:5: 1329 daAuts
     D:4: 890 daAuts
     D:7: 869 daAuts
     D:1: 807 daAuts
     D:3: 715 daAuts
     D:8: 435 daAuts
  Temple: 10 daAuts
